 Dungeon Crawl Stone Soup version 0.17.1-2-g5865329 (webtiles) character file.

48 ImaNewbie the Conjurer (level 3, 0/21 HPs)
             Began as an Octopode Conjurer on Jan 14, 2016.
             Slain by Ijyb
             ... wielding a +3 dagger
              (2 damage)
             ... on level 3 of the Dungeon.
             The game lasted 00:08:31 (1721 turns).

ImaNewbie the Conjurer (Octopode Conjurer)          Turns: 1721, Time: 00:08:31

Health: 0/21       AC:  1    Str:  7    XL:     3   Next: 72%
Magic:  0/7        EV: 13    Int: 18    God:
Gold:   70         SH:  0    Dex: 12    Spells: 2 memorised, 5 levels left

rFire  . . .     SeeInvis .     (no weapon)
rCold  . . .     Clarity  .     (no shield)
rNeg   . . .     SustAt   .     (helmet restricted)
rPois  .         Gourm    .     (no amulet)
rElec  .         Spirit   .     m - +1 ring of evasion
rCorr  .         Warding  .     (no ring)
rMut   .         Stasis   .     (no ring)
MR     .....                    (no ring)
Stlth  +++.......               (no ring)
                                (no ring)
                                (no ring)
                                (no ring)

@: not resistant to hostile enchantments, fairly stealthy
A: almost no armour, amphibious, 8 rings, constrict 8, camouflage 1, gelatinous
body 1
a: no special abilities


You were on level 3 of the Dungeon.
You were not hungry.

You visited 1 branch of the dungeon, and saw 3 of its levels.

You collected 70 gold pieces.

Inventory:

Jewellery
 m - a +1 ring of evasion (left tentacle)
Scrolls
 e - 2 scrolls of teleportation {unknown}
 g - a scroll of enchant weapon {unknown}
 h - a scroll of identify {unknown}
 i - a scroll of remove curse {unknown}
 l - a scroll of amnesia {unknown}
 s - a scroll of random uselessness {unknown}
 t - a scroll of recharging {unknown}
Potions
 d - a potion of ambrosia {unknown}
 f - 2 potions of degeneration {unknown}
 j - a potion of lignification {unknown}
 n - a potion of cure mutation {unknown}
 o - a potion of invisibility {unknown}
 p - 2 potions of curing {unknown}
 r - a potion of brilliance {unknown}
Books
 a - a book of Conjurations

   Spells                             Type                      Level
   a - Magic Dart                     Conjuration                  1
   b - Searing Ray                    Conjuration                  2
   c - Dazzling Spray                 Conjuration/Hexes            3
   d - Fulminant Prism                Conjuration/Hexes            4
   e - Iskenderun's Mystic Blast      Conjuration                  4
   f - Iskenderun's Battlesphere      Conjuration/Charms           5
Comestibles
 b - 3 bread rations
 c - 4 fruits
 k - 2 meat rations
 q - a chunk of flesh


   Skills:
 - Level 2.0 Dodging
 - Level 2.6 Stealth
 + Level 3.0 Spellcasting
 + Level 4.5 Conjurations


You had 5 spell levels left.
You knew the following spells:

 Your Spells              Type           Power        Failure   Level  Hunger
a - Magic Dart            Conj           ###.         2%          1    None
b - Searing Ray           Conj           ###...       4%          2    ##.....


Dungeon Overview and Level Annotations

Branches:
Dungeon (3/15)

Altars:

Annotations:
D:3 Ijyb


Innate Abilities, Weirdness & Mutations

You cannot wear most types of armour.
You are amphibious.
You can wear up to eight rings at the same time.
You can use your tentacles to constrict eight enemies at once.
Your skin changes colour to match your surroundings (Stealth).
Your rubbery body absorbs attacks (AC +1).


Message History

Aim: Ijyb, wielding an enchanted dagger and wearing a ring mail The searing ray hits Ijyb.
The goblin shouts!
Ijyb hits you with an enchanted dagger!
The searing ray hits Ijyb.
Ijyb hits you with an enchanted dagger.
The searing ray hits Ijyb.
Ijyb is moderately wounded.
Ijyb screams, "No!
No, no, no, no!"
Ijyb hits you with an enchanted dagger!
* * * LOW HITPOINT WARNING * * *
The searing ray hits Ijyb.
Ijyb is severely wounded.
Ijyb barely misses you.
Casting: Searing Ray
Confirm with . or Enter, or press ? or * to list all spells.
Aiming: Searing Ray
Press: ? - help, Shift-Dir - straight line, f/p - Ijyb
Aim: Ijyb, wielding an enchanted dagger and wearing a ring mail (severely wounded)
The searing ray misses Ijyb.
Ijyb hits you with an enchanted dagger.
You die...

#.............
#.............
#.............
#.............
##.............
........g......
#.....g.......
#.....@.......
#.............
#..$....<.....
#.............
#.............
#.............
#.............
#.............


You could see Ijyb and a goblin.

Vanquished Creatures
  An adder (D:2)
  An ooze (D:3)
  A worm (D:2)
  A giant gecko (D:1)
  4 bats
  A giant cockroach (D:1)
  7 goblins
  4 hobgoblins
  5 kobolds
  3 giant newts
  3 rats
31 creatures vanquished.

Notes
Turn   | Place    | Note
--------------------------------------------------------------
     0 | D:1      | ImaNewbie the Octopode Conjurer began the quest for the Orb.
     0 | D:1      | Reached XP level 1. HP: 11/11 MP: 3/3
   166 | D:1      | Reached XP level 2. HP: 15/17 MP: 0/5
   170 | D:1      | Learned a level 2 spell: Searing Ray
  1027 | D:2      | Reached XP level 3. HP: 21/21 MP: 1/7
  1644 | D:3      | Noticed Ijyb
  1721 | D:3      | Slain by Ijyb

Action                   || total
-------------------------++-------
Melee: Unarmed           ||    12
 Cast: Magic Dart        ||    63
       Searing Ray       ||     4
  Eat: Chunk             ||     3
